[Event "Khanty-Mansiysk FIDE GP (Women)"]
[Site "Khanty-Mansiysk"]
[Date "2014.04.14"]
[Round "5"]
[White "Muzychuk, Anna"]
[Black "Stefanova, Antoaneta"]
[Result "1/2-1/2"]
[ECO "C45"]
[WhiteElo "2560"]
[BlackElo "2489"]
[Annotator "ChessBase Website"]
[PlyCount "59"]
[EventDate "2014.04.09"]
[EventType "tourn"]
[EventRounds "11"]
[EventCountry "RUS"]
[EventCategory "10"]
[SourceTitle "CBM 160"]
[Source "ChessBase"]
[SourceDate "2014.05.15"]
[SourceVersion "1"]
[SourceVersionDate "2014.05.15"]
[SourceQuality "1"]
[TimeControl "40/5400+30:1800+30"]
[WhiteClock "1:30:00"]
[BlackClock "1:30:00"]

1. e4 e5 2. Nf3 Nc6 3. d4 exd4 4. Nxd4 Bb4+ 5. c3 Bc5 6.
Nxc6 bxc6 7. Bd3 Qh4 8. Qe2 d6 (8... Nf6 9. Be3
Bxe3 10. Qxe3 O-O 11. Nd2 Re8 12. g3 Qh5 13. f3 Rb8 14. b3 Qa5 15. b4 Qa3 16.
Qd4 Ba6 17. Bxa6 Qxa6 18. Kf2 d6 19. Rhe1 Nd7 20. Qc4 Qc8 21. Kg2 c5 22. a3 a5
23. b5 Ne5 24. Qf1 a4 25. Rab1 Qe6 26. f4 Qa2 27. Qe2 Nd7 28. Nc4 Qxe2+ 29.
Rxe2 f5 30. e5 Nb6 31. Nxb6 Rxb6 32. c4 Kf7 33. Rbe1 d5 34. cxd5 Rxb5 35. Rc1
Rd8 36. Rc4 Ra5 37. Rd2 Ke7 38. h3 {Tomczak,J (2565)-Gajewski,G (2653) Poland
2013 1/2-1/2}) 9. Be3 Bxe3 10. Qxe3 Nf6 11. Qg3 $146 (11. Nd2 O-O 12. O-O
Re8 13. h3 Nd5 14. Qf3 Nf4 15. Rfd1 Rb8 16. b3 Re6 17. Bf1 Rg6 18. Kh2 Qh6 19.
Qe3 Rb5 20. Nf3 Rxg2+ 21. Bxg2 Bxh3 22. e5 Bxg2+ 23. Kg3 g5 {0-1 (23) Rensch,D
(2384)-Benen,S (2323) Lindsborg 2004}) 11... Qh6 12. O-O Nh5 13. Qf3 Nf4 14. Re1 Rb8 $132 {[%emt 0:09:04][%csl Rb2,Gb8] Muzychuk
obtained nothing from her Scotch Opening and Stefanova was able to trade many
pieces and reach an easily drawn rook endgame.} 15. b3 Nxd3 16. Qxd3 Rb5 17. Nd2 Rh5 18. Nf1 O-O 19. Qe3 Qxe3 20. Nxe3 f5 21. exf5 Bxf5 22. Nxf5 Rhxf5 23. f3 a5 24. Re7 R8f7 25. Rae1 Rc5 26. c4 a4 27. Re8+ Rf8 28. R8e7 Rf7 29. Re8+ Rf8 30. R8e7 1/2-1/2

[Event "Paris FIDE GP"]
[Site "Elancourt"]
[Date "2013.09.22"]
[Round "1"]
[White "Caruana, Fabiano"]
[Black "Bacrot, Etienne"]
[Result "1/2-1/2"]
[ECO "C45"]
[WhiteElo "2779"]
[BlackElo "2723"]
[Annotator "ChessBase Website"]
[PlyCount "66"]
[EventDate "2013.09.22"]
[EventType "tourn"]
[EventRounds "11"]
[EventCountry "FRA"]
[EventCategory "20"]
[SourceTitle "CBM 157"]
[Source "ChessBase"]
[SourceDate "2013.11.12"]
[SourceVersion "1"]
[SourceVersionDate "2013.11.12"]
[SourceQuality "1"]
[TimeControl "40/7200:20/3600:900+30"]
[WhiteClock "2:00:00"]
[BlackClock "2:00:00"]

1. e4 e5 2. Nf3 Nc6 3. d4 exd4 4. Nxd4 Nf6 5. Nxc6 bxc6 6.
e5 Qe7 7. Qe2 Nd5 8. c4 Nb6 9. Nc3 Qe6 10. Qe4 Bb4 11. Bd2 Ba6 (11... Bb7 12. Bd3 O-O-O 13. O-O-O c5 14.
Qe2 Rhe8 15. f4 d6 16. a3 Bxc3 17. Bxc3 g6 18. Rhf1 Na4 19. Ba5 dxe5 20. fxe5
f5 21. exf6 {1-0 (21) Caruana,F (2796)-Granda Zuniga,J (2664) Tromso 2013}) 12.
b3 Bxc3 13. Bxc3 d5 14. Qf3 dxc4 15. Be2 O-O 16. O-O Rad8 17. Rac1 $146 (17. Rfe1 Rfe8 18. Rac1 c5 19. Bf1 Nd5 20.
bxc4 Nb4 21. Bxb4 cxb4 22. Qe3 {1/2-1/2 (22) Ljubojevic,L (2590)-Spassky,B 
(2640) Montreal 1979}) 17... c5 18. Rfd1 h6 19. Ba1 Rfe8 20. Qg3 Qg6 21. Qxg6 fxg6 22. h4 $14 {[%emt 0:17:02][%csl Rg6] The Italian super-star was able
to obtain a very slight edge from this Scotch, but it was not enough to win
the game. With clever regrouping of his pieces and an excellent feel for what
was truly important in the position Bacrot was able to neutralize White's pair
of bishops and his superior pawn structure by maintaining enormous pressure on
the c4 pawn throughout the game. White's own pawn on e5 limited the scopre of
his dark-squared bishop and he was unable to use this pair of bishops
advantage. The players repeated moves in an equal position that was at least
much more fighting than the Ivanchuk-Dominguez game.} Bc8 23.
bxc4 Be6 24. Kf1 Kf7 25. Rxd8 Rxd8 26. Ke1 g5 27. h5 c6 28. Rc3 Rd7 29. Bd3 Ke7 30. f3 Na4 31. Ra3 Nb6 32. Rc3 Na4 33.
Rb3 Nb6 1/2-1/2

[Event "Nanjing Pearl Spring 3rd"]
[Site "Nanjing"]
[Date "2010.10.20"]
[Round "1"]
[White "Carlsen, Magnus"]
[Black "Bacrot, Etienne"]
[Result "1-0"]
[ECO "C45"]
[WhiteElo "2826"]
[BlackElo "2716"]
[Annotator "Edouard,R"]
[PlyCount "75"]
[EventDate "2010.10.20"]
[EventType "tourn"]
[EventRounds "10"]
[EventCountry "CHN"]
[EventCategory "21"]
[SourceTitle "CBM 139"]
[Source "ChessBase"]
[SourceDate "2010.11.18"]
[SourceVersion "1"]
[SourceVersionDate "2010.11.18"]
[SourceQuality "1"]
[TimeControl "40/7200:20/3600:900+30"]

1. e4 e5 2. Nf3 Nc6 3. d4 exd4 4. Nxd4 Bc5 5. Nb3 Bb6 6. Nc3 Nf6 7. Qe2 O-O {
A rare move, but once played by Anand! To be honest, I just don't like this
line for Black.} (7... d6 {is more common.}) 8. Bg5 h6 9. Bh4 $1 $146 (9. h4 d6
10. f3 hxg5 11. hxg5 Ng4 12. fxg4 Qxg5 13. Qf3 Bxg4 14. Qg3 Ne5 15. Be2 f5 16.
exf5 Qxf5 17. O-O-O Bxe2 18. Nxe2 Qf2 19. Qh2 Qxe2 20. Qh8+ Kf7 21. Rdf1+ Bf2
22. Qh7 Ke6 23. Kb1 Qg4 {0-1 Rublevsky,S (2649)-Anand,V (2781)/Bastia 2004})
9... a5 10. a4 Nd4 {Not forced, but attractive. But I am not sure that other
continuations are easier to play.} ({I checked the following line briefly:} 
10... Re8 11. O-O-O d6 12. f3 $5 Be6 13. g4 Bxb3 (13... Ne5 14. Nd4 $16) 14.
cxb3 Nd4 15. Qg2 $5 Nxb3+ 16. Kb1 Nd4 17. Bc4 c6 18. g5 hxg5 19. Bxg5 {nad and
Black will face a decisive attack.}) 11. Qd3 Nxb3 12. cxb3 Re8 13. O-O-O {
From there Etienne started to spend a lot of time for each move. But here I
already prefer White even if Black's position shouldn't be a desaster at all.}
d6 14. Qc2 $1 {White wants to go Bc4, and at the same time allow some
combinations with e5.} Bd7 $6 {I guess the idea for this move is to wait for
Bc4 and go ...Be6, without playing ...c6, weaknessing the d6-pawn. That's why
15.Kb1!? could be clever. But it looks like 15.Bc4 is almost winning by force.}
(14... c6 15. Bc4 Qe7 {ought to be a better defense. Somehow, I feel like
White should be at least slightly better. But things are far from easy, for
instance:} 16. Rhe1 Be6 17. Nd5 $5 (17. f3 Bxc4 18. bxc4 Qe6 {followed by ...
Nd7, and Black should have no problem.}) 17... cxd5 18. exd5 g5 $1 19. Bg3 Nxd5
20. Rxd5 Bc5 21. Rxc5 dxc5 22. Rxe6 fxe6 23. Qg6+ Qg7 24. Bxe6+ Rxe6 25. Qxe6+
Kh7 $11) 15. Bc4 Be6 16. Rhe1 Qe7 17. e5 $1 dxe5 18. Rxe5 {White is
threatening Nd5. From now Etienne play kind of all best defensive moves. But
it is not enough to hold this tough position against Carlsen.} Qf8 $8 19. Bxf6
gxf6 20. Re2 $16 Qg7 21. Bxe6 $1 Rxe6 22. Rxe6 fxe6 23. Rd3 Kh8 24. Rg3 Qh7 25.
Qd2 Bc5 $8 26. Ne4 Be7 27. Rh3 Kg7 (27... Rd8 28. Rxh6 Rxd2 29. Rxh7+ Kxh7 30.
Kxd2 $18) 28. Qd7 $18 Kf7 29. Ng5+ $5 (29. Nxf6 $5 Kxf6 30. Rf3+ $18) 29...
fxg5 30. Rf3+ Kg8 31. Qxe6+ Kh8 32. Rf7 Bd6 33. Rxh7+ Kxh7 34. Qf7+ Kh8 35. g3
Ra6 36. Kb1 Bb4 37. f4 gxf4 38. gxf4 1-0

[Event "EU-ch 12th"]
[Site "Aix les Bains"]
[Date "2011.03.31"]
[Round "9"]
[White "Svidler, Peter"]
[Black "Hracek, Zbynek"]
[Result "1-0"]
[ECO "C45"]
[WhiteElo "2730"]
[BlackElo "2631"]
[Annotator "Marchand,A/Primel,D"]
[PlyCount "149"]
[EventDate "2011.03.22"]
[EventType "swiss"]
[EventRounds "11"]
[EventCountry "FRA"]
[SourceTitle "CBM 142 Extra"]
[Source "ChessBase"]
[SourceDate "2011.06.27"]
[SourceVersion "1"]
[SourceVersionDate "2011.06.27"]
[SourceQuality "1"]
[TimeControl "40/5400+30:1800+30"]

1. e4 e5 2. Nf3 Nc6 3. d4 exd4 4. Nxd4 Nf6 (4... Bc5 {La grande ligne} 5. Be3 (
5. Nb3 Bb4+ 6. c3 Be7 7. f4 d6 8. Bd3 Nh6 9. N1d2 O-O 10. Nf3 f5 11. O-O Kh8
12. h3 fxe4 13. Bxe4 Nf5 14. Kh2 Bh4 15. Nxh4 Qxh4 16. Qd3 Nfe7 {Vallejo Pons,
F (2724)-Bruzon Batista,L (2673) FIDE World Cup 2011 (2.1) 0-1} (16... Be6 17.
Bd2 d5 $5 {JL VILELA YB 101}))) 5. Nxc6 bxc6 6. e5 Qe7 (6... Ne4 7. Qf3 Ng5 8.
Qg3 Ne6 9. Bd3 d5 (9... d6) 10. O-O Bc5 11. Nd2 O-O 12.
Nb3 Bb6) 7. Qe2 Nd5 8. c4 {Cette idée de Blackburne résiste а l'épreuve du
temps} Ba6 (8... Nb6 {L'alternative} 9. Nd2 (9. Nc3 Qe6 (9... Bb7 10. Bd2 g6
11. Ne4 O-O-O 12. a4 Ba6 13. Qf3 (13. f3 Bxc4 14. Qf2 Bxf1 15. Kxf1 Qe6 $132 {
Pavlidis,A (2419)-Bellos,I (1941) GRE CupT Peristeri 2011 (1) 1/2}) 13... Re8
$11 {Nepomniachtchi,I (2704)-Bacrot,E (2705) EU-Cup 28th Eilat 2012 (3.2) 1-0})
10. Qe4 Bb4 11. Bd2 Ba6 12. b3 Bxc3 13. Bxc3 d5 (13... d6) 14. Qh4 dxc4 15. Rc1
Qg6 16. g3 $5) (9. b3 a5 $132) 9... Qe6) 9. Nd2 $5 (9. b3 {La grande ligne}) (
9. g3 g6 10. b3 Bg7 11. Bb2) 9... g6 10. Nf3 {94} (10. b3 {La grande ligne} Bg7
11. Bb2 Nb4 12. Nf3 c5 13. g3 O-O 14. Bg2 d5 $1 {Svidler,P (2660)-Adams,M 
(2680) Tilburg Fontys 1997 (8) 1/2}) 10... Qb4+ {94 Tout a été joué а tempo}
11. Kd1 {Il n'est pas facile pour les Noirs de profiter de la position du K
Blanc bloqué au centre et dans la pratique, les Blancs ont des bons résultats
а haut niveau.} Rb8 (11... Nb6 $5 12. b3 Bg7 13. Qd2 Qxd2+ 14. Bxd2 $14 {
Barbosa,E (2412)-Mecking,H (2590) BRA-ch 78th Campinas 2011 (10) 0-1}) (11...
Qa4+ 12. Qc2 Qxc2+ 13. Kxc2 Nb4+ 14. Kc3 c5 15. a3 (15. Be3 Bb7) 15... Nc6 16.
Bg5 (16. Bf4 Bg7) 16... Bg7 17. Bf6 Bxf6 18. exf6 O-O 19. g4 Rfe8
20. g5 Bb7 (20... Re4 21. Nd2 Re5 $132) 21. Rg1 Nd8 22.
Nd2 Ne6 23. h4 Nf4 $11) (11... Bg7) 12. Qc2 Ne7 13. b3 {86} (13. Bd3 Bg7 14. a3
(14. Qb3 $5 {Avec un K déroqué, l'échange des Q ne peut pas être mauvais pour
les Blancs} c5 $1 15. Bd2 Qb7 16. Bc3 O-O 17. Qxb7 $11 ) 14...
Qb7 15. Re1 {Radjabov,T (2744)-Aronian,L (2801) Wch Blitz 5th 2010 (1) 1/2}) (
13. Qb3 c5 14. Qxb4 cxb4 15. Bd3 Bg7 16. Re1 O-O 17. Kc2 Nc6 18. b3 d5 19. cxd5
Bxd3+ 20. Kxd3 Rfd8 21. Bf4 Rxd5+ 22. Ke4 $14 {Howell,D (2625)-Adams,M (2715)
GBR-ch 98th Sheffield 2011 (6) 0-1}) 13... Bg7 {30} 14. Bd2 {73 Les Blancs
commencent а réfléchir mais la position reste théorique} (14. Bb2) 14... Qb6 {
79} 15. c5 $1 Qb7 16. Bxa6 Qxa6 17. Re1 $1 $146 {[%cal Ge1e5]
61 Les Blancs essayent de retarder l'échange Qc4 en jouant un coup utile} (17.
Qc4 Qxc4 18. bxc4 {Ponomariov,R (2734)-Leko,P (2734) Dortmund SuperGM 2010 (1)
1-0}) 17... O-O {68 Une préparation maison} (17... Nd5 {Quelques mois plus
tard, les Noirs n'ont pas eu trop de problèmes pour égaliser} 18. Qc4 Qa3 19.
Nd4 O-O 20. Nc2 Qb2 {Forçant une répétition de position} 21. Bc1 Qc3 22. Bd2
Qb2 23. Bc1 Qc3 24. Bd2 {1/2-1/2 Nedev,T (2493)-Petkov,V (2511)/Skopje 2011})
18. Qc4 $5 {joué а tempo} Qb7 {44 Après une longue réflexion, les Noirs
évitent l'échange des Q} (18... Qxc4 19. bxc4 $11 {[%csl Rd7] Il n'est pas
facile pour les Noirs d'attaquer les P doublés et le P arriéré "d7" est trés
faible}) 19. Rc1 Nd5 20. Ke2 $1 {[%cal Ge2f1] Pofitant du fait que les Noirs
n'ont pas eu le temps de jouer Re8} Rfe8 {[%csl Re5][%cal Ge8e2] 34} 21. Kf1
$14 {Les Blancs ont réussi а roquer "а la main" et ils ont un bon avantage
d'espace.} Qb5 22. g3 a5 $1 23. Qxb5 (
23. Kg2) 23... Rxb5 24. Re4 Ra8 25. Ne1 {24} a4 {08 Un coup naturel dans ce
genre de structure mais les Noirs vont avoir une mauvaise surprise car les
Blancs peuvent s'accrocher au P} (25... Re8 26. f4 f6 27. Nd3 Kf7) 26. Rxa4 $1
{Les Noirs ont du être surpris par cette réponse pragmatique} Rxa4 27. bxa4 Rb2
28. Rc2 $1 Rb1 29. f4 $14 f6 $1 30. exf6 {21} Bxf6 {08} 31.
Ke2 Kf7 {05} 32. Nd3 Ke7 (32... Rh1 $6 33. h4 Rh2+ $2 34. Nf2 ) 33. Rc1 Rb8 34. a5 {[%csl Ga5,Gd2] Les Noirs ont
probablement du regretter а ce moment le sacrifice de P car le P passé devient
dangereux} Kd8 35. g4 $1 {Les Blancs commencent а prendre de l'espace} Ne7 36.
Bb4 $1 {[%csl Gb4][%cal Ga2a3] Le seul atout des Noirs était la possession de
la colonne "b" et maintenant ils n'ont plus assez de compensations pour le P}
Nd5 37. a3 $16 Ke7 38. Kf3 Rf8 39. Re1+ Kf7 40. Bd2 Ra8 41. Bb4 Ne7 42. h4 $1
Rh8 43. f5 $1 {15} gxf5 {25} (43... Bxh4 $6 44. Ne5+ $36 ) 44. g5 $1 {Un joli coup intermédiaire, les Blancs redonnent le P mais
ils obtiennent uen forte majorité а а l'aile-roi} Bg7 45. h5 Rb8 {Les Noirs ne peuvent pas jouer grand-chose pour progresser} 46. Kf4 {
[%csl Gf4,Rf7] La position Noire est déjà critique} Rb5 {Les Noirs passent
leur tour} 47. Ne5+ $1 {Force l'échange du B qui défendait bien l'aile-roi}
Bxe5+ 48. Rxe5 Rb8 49. Re1 $1 {[%cal Ge1h1] "Ne pas se presser en finale",
après avoir privé les Noirs de l'accès а l'aile-dame par Bb4 et eliminé le
défenseur de l'aile-roi, ils peuvent maintenant changer d'objectif.} Ra8 50.
Rh1 {L'avantage d'espace permet de manoeuvrer plus facilement} Kg8 {Le signe
que les Noirs sont déjà proches du zuzwang} (50... Ra7 51. g6+ $1 hxg6 52. h6
Ra8 53. h7 Rh8 54. Kg5 Nd5 55. a6 $18 {[%csl Ga6] Et les Noirs ne peuvent pas
suivre deux lièvres а la fois}) 51. Ke5 Kg7 52. Rh2 {Commençant
la lutte pour mettre les Noirs en zugzwang} Re8 53. Rd2 Rd8 (53...
Nd5+ $6 54. Kxf5) 54. Rd3 Kf7 55. Bd2 Kg7 {le K Noir parait en sécurité mais
les Blancs vont trouver des ressources étonnantes} (55... Rb8 $2 56. Rxd7) 56.
g6 $3 {Une leçon magistrale de technique!} Nd5 57. h6+ $3 {C'est digne d'une
étude} (57. Kxf5 {Plus pragmatique mais le russe a le sens de l'esthétique})
57... Kxg6 58. Rg3+ Kh5 59. Rg5+ $1 {[%csl Rh5] le tourniquet est
particulièrement redoutable car il se produit non pas sur la 08ème rangée mais
sur une colonne et le K Noir est forcé de s'aventurer dans le camp Blanc Ce
qui est remarquable est le fait qu'il ne restait plus qu'une minute aux Blancs
en phase KO mais la technique est impeccable} Kh4 60. Rg7 $138 {[%csl Rh7]
Laisse un peu de répit aux Noirs} (60. Rxf5 $142 Rg8 61. Rf7 Rg2 62. Be1+ Kh5 63. Rf2 Rg4 64. Bd2 Ra4 65. Rf5+ Kg6 66. Rg5+
Kf7 67. Rg7+ ) 60... f4 $1 $13 {A ce niveau, la moindre faute est
exploitée et les Noirs trouvent un contre-jeu inespéré} (60... Kh5 61. Kxf5 ) 61. a6 $1 {[%csl Ga6,Rd5,Rh4] Le réveil du P passé et les pièces
Noires sont trés mal placées pour le contrer. Le Nd5 occupe une position
centale mais il est trés peu utile} Re8+ 62. Kd4 Ra8 (62... Rf8 63. Rxh7 f3 64. Be1+ Kg5 (64... f2 65. Bxf2+ Rxf2 66. Rg7) 65. a7
f2 66. Bxf2 Rf4+ $1 67. Ke5 Rf5+ 68. Ke4 Rf4+ 69. Kd3 Rf3+ 70. Ke2 Rxa3 71.
Rxd7 Kxh6 72. Bd4 Rxa7 {Sauvant la nulle}) 63. Rxh7 Kg5 (63...
Rxa6 64. Rg7 $18 ) 64. a4 Rxa6 65. a5 $1 {Le P "h6"
s'est sacrifié mais le temps perdu permet aux Blancs de gagner le P "d7"} Ra8
66. Rxd7 Kxh6 $2 {Il restait pourtant aux Noirs beaucoup plus de temps (8 mns)
qu'à l'adveraire mais il est difficile de défendre longtemps ce genre de
position sans faire de fautes .} (66... Nf6 $8 67. Rxc7) 67. Rxd5 cxd5 68.
Bxf4+ Kg6 69. Bxc7 Kf6 70. Kxd5 Ke7 71. Kc6 Ke6 72. Bb6 Rc8+ 73. Kb7 Rg8 74. c6
Kd6 75. c7 1-0